 Dungeon Crawl Stone Soup version 0.26.0-10-g1f06aea511 (webtiles) character file.

Game seed: 14430694896427808746

333 MisterFreud the Conjurer (level 6, 0/43 HPs)
             Began as a Demonspawn Conjurer on Jan 31, 2021.
             Slain by an orc priest
             ... wielding a +2 vorpal hand axe
              (1 damage)
             ... on level 4 of the Dungeon.
             The game lasted 00:06:49 (4809 turns).

MisterFreud the Conjurer (Demonspawn Conjurer)      Turns: 4809, Time: 00:06:49

Health: 0/43       AC:  4    Str:  8    XL:     6   Next: 27%
Magic:  0/12       EV: 12    Int: 21    God:
Gold:   172        SH:  0    Dex: 11    Spells: 8/13 levels left

rFire    . . .     SeeInvis .   d - +0 dagger
rCold    . . .     Faith    .   (no shield)
rNeg     . . .     Spirit   +   a - +0 robe
rPois    .         Reflect  .   (helmet restricted)
rElec    .         Harm     .   (no cloak)
rCorr    .         Rampage  .   (no gloves)
Will     .....                  (no boots)
Stlth    ++........             x - amulet of guardian spirit
HPRegen  0.14/turn              (no ring)
MPRegen  0.13/turn              (no ring)

@: no status effects
A: antennae 2, sharp scales 2
a: no special abilities


You were on level 4 of the Dungeon.
You visited 1 branch of the dungeon, and saw 4 of its levels.

You collected 172 gold pieces.

Inventory:

Hand Weapons
 d - a +0 dagger (weapon)
Missiles
 h - 7 boomerangs
 q - 4 poisoned darts
Armour
 a - a +0 robe (worn)
Jewellery
 x - an amulet of guardian spirit (around neck)
Wands
 k - a wand of acid (9)
Scrolls
 c - a scroll of enchant armour {unknown}
 e - a scroll of remove curse {unknown}
 f - a scroll of random uselessness {unknown}
 i - 3 scrolls of identify {unknown}
 n - a scroll of fear {unknown}
 t - a scroll of fog {unknown}
 u - a scroll of enchant weapon {unknown}
Potions
 b - 2 potions of brilliance {unknown}
 g - 2 potions of mutation {unknown}
 j - a potion of lignification {unknown}
 l - a potion of invisibility {unknown}
 m - a potion of flight {unknown}
 o - a potion of berserk rage {unknown}
 p - a potion of might {unknown}
 r - a potion of attraction {unknown}
 s - a potion of curing {unknown}
 v - a potion of degeneration {unknown}
 w - a potion of ambrosia {unknown}


   Skills:
 + Level 1.0 Fighting
 + Level 2.1 Dodging
 - Level 1.7 Stealth
 - Level 4.0 Spellcasting
 - Level 6.0 Conjurations
 + Level 0.6 Hexes
 + Level 1.0 Evocations


You had 8 spell levels left.
You knew the following spells:

 Your Spells              Type           Power        Failure   Level
a - Magic Dart            Conj           100%         1%          1
b - Fulminant Prism       Conj/Hex       9%           30%         4

Your spell library contained the following spells:

 Spells                   Type           Power        Failure   Level
 Searing Ray              Conj           58%          1%          2
 Dazzling Flash           Conj/Hex       36%          10%         3
 Iskenderun's Mystic Bla  Conj/Tloc      16%          34%         4


Dungeon Overview and Level Annotations

Branches:
Dungeon (4/15)
 Temple: D:4-7

Altars:
Cheibriados
Okawaru
Sif Muna
The Shining One


Innate Abilities, Weirdness & Mutations

You have a pair of antennae on your head.
You are mostly covered in razor-sharp scales. (AC +2, Slay +2)


Message History

The orc priest is severely wounded.
The orc priest hits you but does no damage.
You hit the orc priest but do no damage.
The orc priest is severely wounded.
The orc priest invokes the aid of Beogh against you.
Pain shoots through your body!
* * * LOW HITPOINT WARNING * * *
You hit the orc priest but do no damage.
The orc priest is severely wounded.
The orc priest hits you but does no damage.
Casting: Magic Dart (safe; 1% risk of failure)
Confirm with . or Enter, or press ? or * to list all spells.
You don't have enough magic to cast that spell.
Unknown command.
Unknown command.
You barely miss the orc priest.
The orc priest is severely wounded.
The orc priest hits you with a +2 vorpal hand axe.
* * * LOW HITPOINT WARNING * * *
You die...

#..........#.# #.#.# #.#.##.
##..........#.# #.#.# #.#.##.
#...#########.# #.#.# #####.#.##.
#...# #.# #.#.# #.....#.##.
#...#### #.# #.#.# #.#...#....
#......######.###.#.###.#..#####.
.##....##.........#..............
.##....##.###..###########.#.....
.##....##......o@................
o##....######.############.......
.'oo...'o......# #.....#########
.##....######### #.###.# #######
.##....# #.# #.# #...... .##....#
#.# #.###...... .##....# ###.#
#.##....... .##....#
#.#.###.##....... .##.....
#.#..............


You could see an orc priest.

Vanquished Creatures
  An ogre (D:4)
  A quasit (D:3)
  A worker ant (D:4)
  10 adders
  An ooze (D:1)
  2 worms
  3 dart slugs
  2 leopard geckos
  4 orcs
  4 giant cockroaches
  4 goblins
  9 hobgoblins
  10 jackals
  11 kobolds
  2 quokkas (D:3)
  2 ball pythons
  8 bats
  4 frilled lizards
  11 rats
90 creatures vanquished.

Vanquished Creatures (others)
  A goblin (D:2)
1 creature vanquished.

Grand Total: 91 creatures vanquished

Notes
Turn   | Place    | Note
-------+----------+-------------------------------------------
     0 | D:1      | MisterFreud the Demonspawn Conjurer began the quest for the
                  | Orb.
     0 | D:1      | Reached XP level 1. HP: 13/13 MP: 3/3
   195 | D:1      | Gained mutation: You have a pair of small antennae on your
                  | head. [demonic ancestry]
   195 | D:1      | Reached XP level 2. HP: 5/19 MP: 0/5
   794 | D:1      | Reached skill level 5 in Conjurations
  1036 | D:1      | Gained mutation: You are partially covered in razor-sharp
                  | scales. (AC +1, Slay +1) [demonic ancestry]
  1036 | D:1      | Reached XP level 3. HP: 21/24 MP: 4/6
  1974 | D:2      | Found a shimmering blue altar of Sif Muna.
  2107 | D:2      | Reached XP level 4. HP: 30/30 MP: 3/7
  2752 | D:2      | You fall into a shaft and drop 1 floor!
  3098 | D:3      | Gained mutation: You are mostly covered in razor-sharp
                  | scales. (AC +2, Slay +2) [demonic ancestry]
  3098 | D:3      | Reached XP level 5. HP: 35/35 MP: 2/9
  3605 | D:3      | Reached skill level 6 in Conjurations
  3792 | D:4      | Noticed an ogre
  3798 | D:4      | Killed an ogre
  3959 | D:3      | Learned a level 4 spell: Fulminant Prism
  4065 | D:4      | Gained mutation: You have a pair of antennae on your head.
                  | [demonic ancestry]
  4065 | D:4      | Reached XP level 6. HP: 42/42 MP: 9/12
  4184 | D:4      | Found a snail-covered altar of Cheibriados.
  4185 | D:4      | Found a glowing golden altar of the Shining One.
  4185 | D:4      | Found an iron altar of Okawaru.
  4416 | D:4      | Reached skill level 1 in Evocations
  4556 | D:4      | Reached skill level 1 in Fighting
  4809 | D:4      | HP: 1/43 [orc priest/+2 vorpal hand axe (4)]
  4809 | D:4      | Slain by an orc priest

Illustrated notes

Levels and vault maps discovered:
D:1:      minmay_arrival_four_loops, layout_loops_ring, minmay_misc_feat_encased
D:2:      layout_loops_ring, lemuel_doored_altar
D:3:      layout_basic
D:4:      layout_basic, grunt_temple_overflow_open, uniq_duvessa

Skill      XL: |  1  2  3  4  5  6 |
---------------+-------------------+-----
Conjurations   | 5 6 |  6.0
Spellcasting   | 4 |  4.0
Dodging        | 2 |  2.1
Evocations     | 1 |  1.0
Fighting       | 1 |  1.0
Stealth        | |  1.7
Hexes          | |  0.6

Action                   |  1- 3 |  4- 6 || total
-------------------------+-------+-------++-------
Melee: Dagger            |    23 |    13 ||    36
       Unarmed           |     5 |       ||     5
 Cast: Magic Dart        |    86 |   131 ||   217
  Use: Scroll            |     2 |       ||     2
Armor: Robe              |     4 |    11 ||    15
Dodge: Dodged            |    39 |    32 ||    71
